 Dungeon Crawl Stone Soup version 0.27-a0-1384-g1422d76b99 (webtiles) character file.

Game seed: 16033087971482819742

4 sokol815 the Conjurer (level 1, 0/14 HPs)
             Began as a Draconian Conjurer on June 30, 2021.
             Frozen to death by an endoplasm (4 damage)
             ... on level 1 of the Dungeon.
             The game lasted 00:00:46 (95 turns).

sokol815 the Conjurer (Draconian Conjurer)            Turns: 95, Time: 00:00:46

Health: 0/14       AC:  4    Str:  9    XL:     1   Next: 58%
Magic:  0/3        EV: 12    Int: 18    God:
Gold:   0          SH:  0    Dex:  9    Spells: 3/4 levels left

rFire    . . .     SeeInvis .   (no weapon)
rCold    . . .     Faith    .   (no shield)
rNeg     . . .     Spirit   .   (armour unavailable)
rPois    .         Reflect  .   (helmet restricted)
rElec    .         Harm     .   (no cloak)
rCorr    .         Rampage  .   (no gloves)
Will     .....                  (no boots)
Stlth    ++........             (no amulet)
HPRegen  0.04/turn              (no ring)
MPRegen  0.08/turn              (no ring)

@: slowed, very slow
A: AC +4, unfitting armour, cold-blooded
a: no special abilities


You were on level 1 of the Dungeon.
You visited 1 branch of the dungeon, and saw 1 of its levels.

Inventory:

Potions
 a - a potion of mutation {unknown}


   Skills:
 + Level 1.9 Dodging
 + Level 1.9 Stealth
 + Level 2.1 Spellcasting
 + Level 4.0 Conjurations


You had 3 spell levels left.
You knew the following spells:

 Your Spells              Type           Power      Damage    Failure   Level
a - Magic Dart            Conj           64%        1d6       3%          1

Your spell library contained the following spells:

 Spells                   Type           Power      Damage    Failure   Level
 Searing Ray              Conj           32%        3d4       4%          2
 Dazzling Flash           Conj/Hex       18%        N/A       24%         3
 Fulminant Prism          Conj/Hex       4%         3d6       61%         4
 Iskenderun's Mystic Bla  Conj/Tloc      9%         2d4       61%         4


Dungeon Overview and Level Annotations

Branches:
Dungeon (1/15)

Altars:


Innate Abilities, Weirdness & Mutations

Your plain brown scales are hard. (AC +4)
You cannot fit into any form of body armour.
You are cold-blooded and may be slowed by cold attacks.


Message History

You add the spells Magic Dart, Searing Ray, Dazzling Flash, Fulminant Prism and Iskenderun's Mystic Blast to your library.
Welcome, sokol815 the Draconian Conjurer.
Will you be the one to retrieve the fabled Orb of Zot from the depths?
Found a staircase leading out of the dungeon.
A ball python comes into view.
The ball python hisses angrily.
Okay, then.
The magic dart hits the ball python.
You kill the ball python!
You now have 2/3 mp.
No target in view!
a - a bubbling grey potion MP restored: 3 You see here a ball python corpse.
A goblin comes into view. It is wielding a +0 dagger.
The magic dart hits the goblin.
The goblin shouts!
You hear a shout!
A dart slug comes into view.
You now have 2/3 mp.
The magic dart hits the dart slug.
You now have 1/3 mp.
An endoplasm, a hobgoblin and a kobold come into view.
The endoplasm quivers.
The hobgoblin moves out of view.
You hit the kobold but do no damage. The kobold hits you but does no damage.
The magic dart hits the kobold.
You kill the kobold!
You now have 1/3 mp.
The goblin hits you but does no damage.
You closely miss the goblin. The goblin hits you with a +0 dagger.
You take 3 damage, and have 11/14 hp.
MASSIVE DAMAGE!!
You see here a ball python corpse.
You hit the goblin but do no damage.
Your tail-slap misses the goblin.
The goblin hits you but does no damage.
You hit the goblin but do no damage. The goblin hits you with a +0 dagger.
You take 1 damage, and have 10/14 hp.
Aim: a goblin, wielding a +0 dagger (100% to hit)
The magic dart hits the goblin.
The goblin barely misses you.
You now have 0/3 mp.
You hit the goblin.
Your tail-slap misses the goblin.
The goblin hits you but does no damage.
You hit the goblin.
You kill the goblin!
You barely miss the hobgoblin. The hobgoblin closely misses you.
You completely miss the hobgoblin. You tail-slap the hobgoblin.
The hobgoblin hits you but does no damage.
You hit the hobgoblin but do no damage.
The hobgoblin hits you but does no damage.
You hit the hobgoblin. The hobgoblin barely misses you.
You barely miss the hobgoblin. The hobgoblin barely misses you.
You barely miss the hobgoblin. The hobgoblin barely misses you.
You closely miss the hobgoblin. The hobgoblin misses you.
You barely miss the hobgoblin.
The hobgoblin hits you but does no damage.
You hit the hobgoblin but do no damage. The hobgoblin barely misses you.
You closely miss the hobgoblin. The hobgoblin completely misses you.
You hit the hobgoblin but do no damage.
The hobgoblin hits you but does no damage.
Aim: a hobgoblin (moderately wounded, 100% to hit)
The magic dart hits the hobgoblin.
The hobgoblin closely misses you.
You now have 1/3 mp.
Aim: a hobgoblin (severely wounded, 100% to hit)
The magic dart hits the hobgoblin.
You kill the hobgoblin!
You now have 0/3 mp.
You hit the endoplasm but do no damage. The endoplasm barely misses you.
You barely miss the endoplasm. The endoplasm closely misses you.
You hit the endoplasm. The endoplasm hits you.
You take 1 damage, and have 10/14 hp.
You completely miss the endoplasm. You tail-slap the endoplasm.
The endoplasm hits you but does no damage.
You barely miss the endoplasm. The endoplasm freezes you.
You are frozen.
You take 4 damage, and have 6/14 hp.
MASSIVE DAMAGE!!
You barely miss the endoplasm.
The endoplasm hits you but does no damage.
You barely miss the endoplasm. The endoplasm closely misses you.
You hit the endoplasm. The endoplasm freezes you.
You are frozen.
* * * LOW HITPOINT WARNING * * *
You feel yourself slow down.
You take 2 damage, and have 4/14 hp.
You hit the endoplasm but do no damage. The endoplasm freezes you.
You are frozen.
You die...

#.g## #..# ##.######
#..g...#### ######....#
####)###### #.J#...##
####### ####......#
##.....####.@Jw.....#
##.#####.#...###.......
#..8≈8≈8.#.### .......
#<.≈≈≈≈≈...# .......
#..8≈8≈8.### ..#####
##.#####.# #.# ##. .##
.# ## ## .#


You could see a dart slug and an endoplasm.

Vanquished Creatures
  A ball python (D:1)
  A goblin (D:1)
  A hobgoblin (D:1)
  A kobold (D:1)
4 creatures vanquished.

Notes
Turn   | Place    | Note
-------+----------+-------------------------------------------
     0 | D:1      | sokol815 the Draconian Conjurer began the quest for the
                  | Orb.
     0 | D:1      | Reached XP level 1. HP: 14/14 MP: 3/3
    95 | D:1      | Frozen to death by an endoplasm

Illustrated notes

Levels and vault maps discovered:
D:1:      lightli_arrival_statue_moat, layout_rooms,
          chequers_ecumenical_altar_lobes, chequers_avenue

Action                   || total
-------------------------++-------
Melee: Unarmed           ||    26
       Tailslap          ||     2
 Cast: Magic Dart        ||     7
Armor: Skin              ||    10
Dodge: Dodged            ||    12

Table legend: (Time is in decaauts)
 A = Elapsed time spent in this place.
 B = Non-inter-level travel time spent in this place.
 C = Inter-level travel time spent in this place.
 D = Time resting spent in this place.
 E = Time spent auto-exploring this place.
 F = Levels seen in this place.
 G = Mean time per level.
                   A        B        C        D        E       F      G
               +--------+--------+--------+--------+--------+-----+--------+
         Total |     95 |     95 |      0 |      0 |     43 |   1 |   95.0 |
       Dungeon |     95 |     95 |      0 |      0 |     43 |   1 |   95.0 |
               +--------+--------+--------+--------+--------+-----+--------+

Top non-repeatable levels by time:
     D:1: 95 daAuts

Table legend:
 A = Kills in this place as a percentage of kills in entire the game.
 B = Kills by you in this place as a percentage of kills by you in the entire game.
 C = Kills by friends in this place as a percentage of kills by friends in the entire game.
 D = Other kills in this place as a percentage of other kills in the entire game.
 E = Experience gained in this place as a percentage of experience gained in the entire game.
 F = Experience gained in this place divided by the number of levels of this place that you have seen.
                   A       B       C       D       E      F
               +-------+-------+-------+-------+-------+----------------------
         Total | 100.0 | 100.0 |   N/A |   N/A | 100.0 |   7.0
       Dungeon | 100.0 | 100.0 |   N/A |   N/A | 100.0 |   7.0
               +-------+-------+-------+-------+-------+----------------------
